AoeStats
← Jakobob

Arabia

510719956Analyzed
1v1 RM · 22h ago on Oct 2, 2026· 23m 41s· 2 players
Game mode
Random Map
Map size
Tiny (2 player)
Population
200
Speed
Normal
Resources
Standard
Victory
Conquest
Starting age
Dark Age
Ending age
Imperial Age
RankedLock teamsTeams togetherTeam positionsShared explorationLock speedFull tech treeHidden civsTurbo modeCheats
Victory
Defeat
🇩🇪 Magyars · Germany
782
+14
🇹🇼 Vikings · Taiwan
749
-31
jfdsago
10:08 Loom
13:46 Feudal Age
14:13 Man-at-Arms
14:44 Town Watch
14:58 Double-Bit Axe
15:07 Gold Mining
15:00 Horse Collar
24:01 Castle Age
Jakobob
8:48 Loom
11:13 Feudal Age
13:26 Wheelbarrow
13:37 Double-Bit Axe
17:03 Scale Barding Armor
19:22 Horse Collar
24:15 Castle Age
22:00 Town Watch
Connection lost

Rejoining the realm…

Still unreachable

The connection could not be restored.

Session expired

The server has moved on; the page needs a fresh start.